 Dungeon Crawl Stone Soup version 0.28-a0-1348-g050f3537b9 (webtiles) character file.

Game seed: 9061364522736635038

3571 Deminshera the Blocker (level 10, 0/66 HPs)
             Began as a Gargoyle Monk on Dec 30, 2021.
             Was an Elder of the Shining One.
             Slain by a two-headed ogre (23 damage)
             ... on level 7 of the Dungeon.
             The game lasted 00:09:53 (7756 turns).

Deminshera the Blocker (Gargoyle Monk)              Turns: 7756, Time: 00:09:54

Health: 0/66       AC: 24    Str: 23    XL:     10   Next: 9%
Magic:  12/12      EV:  7    Int: 16    God:    the Shining One [****..]
Gold:   348        SH: 11    Dex: 13    Spells: 9/9 levels left

rFire   . . .      SeeInvis .   k - +1 morningstar (freeze)
rCold   . . .      Faith    .   q - +0 kite shield
rNeg    + + +      Spirit   .   b - +11 chain mail of Woguph {Str+4 Int+5 Dex-5}
rPois   ∞          Reflect  .   l - +2 hat
rElec   +          Harm     .   (no cloak)
rCorr   .          Rampage  .   (no gloves)
Will    .....                   (no boots)
Stlth   ..........              (no amulet)
HPRegen 0.21/turn               e - +6 ring of dexterity
MPRegen 0.13/turn               (no ring)

@: corroded, glowing, very slow
A: sickness immunity, AC +7, negative energy resistance 1, electricity
resistance, torment resistance 1, petrification resistance
a: Renounce Religion, Divine Shield, Cleansing Flame


You were on level 7 of the Dungeon.
You worshipped the Shining One.
The Shining One was greatly pleased with you.
You visited 2 branches of the dungeon, and saw 8 of its levels.

You collected 348 gold pieces.

Inventory:

Hand Weapons
 k - a +1 morningstar of freezing (weapon)
Armour
 b - the +11 chain mail of Woguph (worn) {Str+4 Int+5 Dex-5}
   (You found it on level 2 of the Dungeon)

   Str:       It affects your strength (+4).
   Int:       It affects your intelligence (+5).
   Dex:       It affects your dexterity (-5).
 l - a +2 hat (worn)
 p - a +0 helmet
 q - a +0 kite shield (worn)
Jewellery
 e - a +6 ring of dexterity (left hand)
 n - a ring of see invisible
 o - an amulet of reflection
Wands
 u - a wand of flame (24)
Scrolls
 c - 2 scrolls of teleportation
 g - 4 scrolls of vulnerability {unknown}
 h - a scroll of fog {unknown}
 i - 4 scrolls of enchant weapon {unknown}
 t - 7 scrolls of identify
 v - a scroll of brand weapon {unknown}
 y - a scroll of summoning {unknown}
 A - a scroll of enchant armour {unknown}
 C - a scroll of silence {unknown}
Potions
 a - 3 potions of lignification {unknown}
 d - 3 potions of haste
 f - 2 potions of might {unknown}
 j - a potion of magic
 m - 2 potions of heal wounds {unknown}
 r - 2 potions of curing
 s - a potion of attraction {unknown}
 w - a potion of cancellation {unknown}
 x - 2 potions of experience {unknown}
 z - a potion of invisibility {unknown}
 B - a potion of mutation {unknown}


   Skills:
 + Level 9.0 Fighting
 + Level 8.2 Maces & Flails
 - Level 2.4 Dodging
 - Level 2.1 Stealth
 * Level 9.5 Shields
 + Level 3.0 Invocations


You had 9 spell levels left.
You didn't know any spells.
Your spell library contained the following spells:

 Spells                   Type           Power      Damage    Failure   Level
 Foxfire                  Conj/Fire      0%         2x1d4     99%         1
 Magic Dart               Conj           0%         1d3       99%         1
 Call Imp                 Summ           0%         N/A       100%        2
 Corpse Rot               Necr/Air       0%         N/A       100%        2
 Ensorcelled Hibernation  Hex/Ice        0%         N/A       100%        2
 Poisonous Vapours        Pois/Air       0%         N/A       100%        2
 Searing Ray              Conj           0%         2d4       100%        2
 Conjure Flame            Conj/Fire      0%         6-21      100%        3
 Inner Flame              Hex/Fire       0%         N/A       100%        3
 Mephitic Cloud           Conj/Pois/Air  0%         N/A       100%        3
 Spider Form              Tmut/Pois      0%         N/A       100%        3
 Summon Guardian Golem    Hex/Summ       0%         N/A       100%        3
 Flame Wave               Conj/Fire      0%         2d4       100%        4
 Fulminant Prism          Conj/Hex       0%         3d6       100%        4
 Alistair's Intoxication  Tmut/Pois      0%         N/A       100%        5
 Borgnjor's Vile Clutch   Necr/Erth      0%         N/A       100%        5
 Eringya's Noxious Bog    Tmut/Pois      0%         N/A       100%        6
 Orb of Destruction       Conj           0%         N/A       100%        7
 Spellforged Servitor     Conj/Summ      0%         N/A       100%        7


Dungeon Overview and Level Annotations

Branches:
Dungeon (7/15)             Temple (1/1) D:4

Altars:
Ashenzari
Elyvilon
Okawaru
Ru
Sif Muna
Uskayaw
Vehumet
Xom
Yredelemnul
The Shining One

Shops:
D:3 :


Innate Abilities, Weirdness & Mutations

You are immune to sickness and miasma.
Your stone body is resilient. (AC +7)
You are immune to poison.
You resist negative energy. (rN+)
You are resistant to electric shocks. (rElec)
You are resistant to unholy torment.
You are immune to petrification.


Message History

You thump the shadow imp!
The shadow imp is severely wounded.
The shadow imp hits you but does no damage.
You sock the shadow imp!
You kill the shadow imp!
The Shining One accepts your kill.
C - a scroll labelled LOUFOTH FIDUMIL No target in view!
No target in view!
No target in view!
You enter the shallow water.
Moving in this stuff is going to be slow.
An acid dragon comes into view.
The acid dragon roars!
You hear a shout! x2
The acid dragon spits acid at you.
The splash of acid hits you but does no damage.
You hear a shout!
You hear an angry growl.
You hear an angry hiss.
You hear a shout! x2
A two-headed ogre comes into view.
It is wielding a +0 giant club and a +0 giant spiked club.
The two-headed ogre shouts in stereo!
You enter the shallow water.
Moving in this stuff is going to be slow.
The acid dragon spits acid at you. The splash of acid hits you!!
The acid corrodes you!
You hear a shout! x3
Your unstable footing causes you to fumble your attack.
An ufetubus comes into view.
You block the acid dragon's attack.
The acid dragon claws you but does no damage.
The two-headed ogre hits you with a +0 giant club.
The two-headed ogre hits you with a +0 giant spiked club.
The acid dragon spits acid at you. The splash of acid hits you.
You hear a shout!
You hear an angry hiss.
You enter the shallow water.
Moving in this stuff is going to be slow.
The two-headed ogre hits you with a +0 giant club!
The two-headed ogre barely misses you.
The two-headed ogre hits you with a +0 giant club!!
You die...

♣♣♣ ≈#
#.#...l.
#♣≈♣♣≈#
..ZH.o..
#≈≈≈.≈♣♣.#
#.
#.≈.Do.5♣
#♣
#♣5♣♣♣♣♣.#
#. ♣♣D.♣
... ♣.≈♣#
.....
♣♣♣O#
#.....
#♣♣P@♣#
#...≈.
#≈≈≈.♣
♣......
#♣♣.♣♣
.♣♣♣♣♣♣
##♣.♣##
#.♣.♣.#
#..♣..#
#.....#
#..♣..#
#.♣.♣.#


You could see a two-headed ogre.

Vanquished Creatures
  A steam dragon (D:7)
  Duvessa (D:6)
  3 water moccasins (D:7)
  A black bear (D:5)
  2 ice beasts
  3 ogres
  A sky beast (D:7)
  3 necrophages
  A centaur (D:5)
  2 phantoms (D:6)
  A bullfrog (D:7)
  6 scorpions
  A water moccasin zombie (D:6)
  An elf skeleton (D:4)
  Dowan (D:6)
  2 water moccasin skeletons
  2 wyvern skeletons
  5 wights (D:6)
  A jelly (D:6)
  A centaur skeleton (D:7)
  3 hounds
  A gnoll shaman (D:5)
  3 iguanas
  3 bullfrog skeletons
  A human zombie (D:4)
  3 human skeletons (D:4)
  A scorpion zombie (D:5)
  2 orc wizards
  A hound zombie (D:5)
  A hound skeleton (D:4)
  11 gnolls
  16 adders
  2 shadow imps (D:7)
  2 white imps (D:7)
  An ufetubus (D:7)
  5 worms
  7 orcs
  9 endoplasms
  5 giant cockroaches
  6 goblins
  2 hobgoblins
  3 quokkas
  12 ball pythons
  4 bats
  2 frilled lizards
  5 kobolds
  An orc skeleton (D:4)
  12 rats
163 creatures vanquished.

Vanquished Creatures (others)
  48 plants (D:7)
48 creatures vanquished.

Grand Total: 211 creatures vanquished

Notes
Turn   | Place    | Note
-------+----------+-------------------------------------------
     0 | D:1      | Deminshera the Gargoyle Monk began the quest for the Orb.
     0 | D:1      | Reached XP level 1. HP: 14/14 MP: 1/1
   128 | D:1      | Found a faded altar of an unknown god.
   152 | D:1      | Reached XP level 2. HP: 19/19 MP: 2/2
   755 | D:2      | Reached XP level 3. HP: 24/24 MP: 3/3
   759 | D:2      | Identified the +11 chain mail of Woguph {Str+4 Int+5 Dex-5}
  1235 | D:2      | Reached XP level 4. HP: 30/30 MP: 4/4
  2147 | D:3      | Reached XP level 5. HP: 34/34 MP: 5/5
  2233 | D:3      | Reached skill level 5 in Fighting
  2590 | D:3      | Found Qipliom's Book Shoppe.
  2649 | D:3      | Found a white marble altar of Elyvilon.
  3166 | D:4      | Noticed an ogre
  3168 | D:4      | Reached skill level 1 in Shields
  3447 | D:4      | Found a staircase to the Ecumenical Temple.
  3464 | Temple   | Entered the Ecumenical Temple
  3475 | Temple   | Became a worshipper of the Shining One
  3475 | Temple   | Reached * piety under the Shining One
  3475 | Temple   | Reached ** piety under the Shining One
  3495 | D:4      | Reached XP level 6. HP: 40/40 MP: 6/6
  3582 | D:4      | Found a sacrificial altar of Ru.
  3582 | D:4      | Found a faded altar of an unknown god.
  3590 | D:4      | Found a faded altar of an unknown god.
  3592 | D:4      | Found a broken altar of Ashenzari.
  3594 | D:4      | Found a radiant altar of Vehumet.
  3644 | D:4      | Reached skill level 5 in Maces & Flails
  4010 | D:4      | Noticed a necrophage
  4023 | D:4      | Killed a necrophage
  4178 | D:4      | Reached XP level 7. HP: 46/46 MP: 7/7
  4485 | D:5      | Entered Level 5 of the Dungeon
  4888 | D:5      | Reached XP level 8. HP: 38/52 MP: 8/8
  5108 | D:5      | Reached skill level 5 in Shields
  5203 | D:5      | Reached *** piety under the Shining One
  5686 | D:5      | Found a shimmering blue altar of Sif Muna.
  6067 | D:6      | Reached XP level 9. HP: 54/58 MP: 9/9
  6090 | D:6      | Found a shimmering altar of Xom.
  6332 | D:6      | Reached **** piety under the Shining One
  6528 | D:6      | Noticed Dowan
  6531 | D:6      | Noticed Duvessa
  6547 | D:6      | Killed Duvessa
  6549 | D:6      | Killed Dowan
  6737 | D:7      | Reached skill level 1 in Invocations
  7068 | D:7      | Noticed a komodo dragon
  7069 | D:7      | Noticed a manticore
  7497 | D:7      | Reached XP level 10. HP: 65/65 MP: 11/11
  7748 | D:7      | Noticed a two-headed ogre
  7756 | D:7      | Slain by a two-headed ogre

Illustrated notes

Levels and vault maps discovered:
D:1:      dpeg_arrival_ratfight, layout_loops_cross,
          ebering_ecumenical_altar_mist, serial_bayou_lagoon_a
D:2:      layout_basic
D:3:      cheibrodos_old_hovel, layout_loops_ring, nicolae_elyvilon_temple_path,
          serial_shops, shop, minmay_snake_closets
D:4:      layout_loops_ring, chequers_temple_overflow_minitemple,
          minmay_temple_entry_mist, nicolae_ossuary_entry_catacombs,
          kennysheep_opposing_triangles
D:5:      minmay_general_purpose_star, layout_rooms, led_sif_pool
D:6:      layout_loops_ring, brannock_xom_greatest_gift, uniq_duvessa
D:7:      nzn_winding_woodlands_large [nzn_winding_woodlands_5x5_checkerboard,
          nzn_winding_woodlands_5x15_lazy_stream,
          nzn_winding_woodlands_hourglass,
          nzn_winding_woodlands_center_pierced_h,
          nzn_winding_woodlands_15x15_five_gardens,
          nzn_winding_woodlands_center_lodge,
          nzn_winding_woodlands_5x5_open_star,
          nzn_winding_woodlands_5x15_crooked, nzn_winding_woodlands_5x5_three],
          layout_cave_pods, minmay_shattered_shrine
Temple:   eino_wide_crystal_templ

Skill      XL: |  1  2  3  4  5  6  7  8  9 10 |
---------------+-------------------------------+-----
Fighting       | 4 5 6 7 8 9 |  9.0
Maces & Flails | 4 5 6 7 8 |  8.2
Shields        | 1 2 4 6 9 |  9.5
Invocations    | 2 3 |  3.0
Dodging        | |  2.4
Stealth        | |  2.1

Action                   |  1- 3 |  4- 6 |  7- 9 | 10-12 || total
-------------------------+-------+-------+-------+-------++-------
Melee: Mace              |    96 |    31 |       |       ||   127
       Flail             |       |   181 |   147 |       ||   328
       Morningstar       |       |       |   163 |    21 ||   184
Invok: Divine Shield     |       |       |     1 |       ||     1
  Use: Potion            |       |     4 |       |       ||     4
       Scroll            |       |     2 |     1 |       ||     3
 Stab: Sleeping          |     6 |       |       |       ||     6
Armor: Robe              |    13 |       |       |       ||    13
       Leather armour    |     1 |       |       |       ||     1
       Chain mail        |    33 |   154 |   252 |    14 ||   453
Dodge: Dodged            |    51 |    87 |    90 |     7 ||   235
Block: Buckler           |       |    17 |     7 |       ||    24
       Kite shield       |       |       |   151 |    16 ||   167

Table legend: (Time is in decaauts)
 A = Elapsed time spent in this place.
 B = Non-inter-level travel time spent in this place.
 C = Inter-level travel time spent in this place.
 D = Time resting spent in this place.
 E = Time spent auto-exploring this place.
 F = Levels seen in this place.
 G = Mean time per level.
                   A        B        C        D        E       F      G
               +--------+--------+--------+--------+--------+-----+--------+
         Total |   7909 |   7498 |    411 |   1432 |   4561 |   8 |  988.6 |
       Dungeon |   7890 |   7485 |    405 |   1432 |   4554 |   7 | 1127.1 |
        Temple |     18 |     12 |      6 |      0 |      7 |   1 |   18.0 |
               +--------+--------+--------+--------+--------+-----+--------+

Top non-repeatable levels by time:
     D:5: 1334 daAuts
     D:4: 1289 daAuts
     D:3: 1253 daAuts
     D:2: 1221 daAuts
     D:7: 1127 daAuts
     D:6: 897 daAuts
     D:1: 767 daAuts
  Temple: 18 daAuts
